 Dungeon Crawl Stone Soup version 0.28.0 (webtiles) character file.

Game seed: 11009927077445113188

423 RighteousDevil the Cleaver (level 6, -4/51 HPs)
             Began as a Hill Orc Fighter on Feb 7, 2022.
             Was an Initiate of Beogh.
             Slain by an ogre (27 damage)
             ... on level 5 of the Dungeon.
             The game lasted 00:04:04 (4169 turns).

RighteousDevil the Cleaver (Hill Orc Fighter)       Turns: 4169, Time: 00:04:05

Health: -4/51      AC: 10    Str: 20 (21) XL:     6   Next: 95%
Magic:  6/6        EV:  7    Int:  8      God:    Beogh [......]
Gold:   174        SH:  4    Dex: 10      Spells: 5/5 levels left

rFire   . . .      SeeInvis .   a - +0 war axe
rCold   . . .      Faith    .   c - +0 buckler
rNeg    . . .      Spirit   .   g - +0 chain mail
rPois   .          Reflect  .   (no helmet)
rElec   .          Harm     .   o - +0 cloak
rCorr   .          Rampage  .   (no gloves)
Will    .....                   (no boots)
Stlth   ..........              (no amulet)
HPRegen 0.17/turn               (no ring)
MPRegen 0.10/turn               (no ring)

@: no status effects
A: no striking features
a: Renounce Religion


You were on level 5 of the Dungeon.
You worshipped Beogh.
Beogh was noncommittal.
You visited 1 branch of the dungeon, and saw 5 of its levels.

You collected 174 gold pieces.

Inventory:

Hand Weapons
 a - a +0 war axe (weapon)
Missiles
 d - 2 boomerangs
 i - 3 javelins (quivered)
Armour
 b - a +0 scale mail
 c - a +0 buckler (worn)
 g - a +0 chain mail (worn)
 o - a +0 cloak (worn)
Jewellery
 l - a ring of wizardry
 n - a ring of protection from fire
Scrolls
 f - a scroll of immolation
Potions
 j - 2 potions of brilliance
 k - a potion of curing
 m - a potion of flight
 q - a potion of might


   Skills:
 - Level 3.6 Fighting
 + Level 9.5 Axes
 - Level 3.2 Armour
 - Level 3.2 Shields


You had 5 spell levels left.
You didn't know any spells.
Your spell library contained the following spells:

 Spells                   Type           Power      Damage    Failure   Level
 Magic Dart               Conj           0%         1d3       99%         1
 Call Imp                 Summ           0%         N/A       100%        2
 Mephitic Cloud           Conj/Pois/Air  0%         N/A       100%        3
 Malign Gateway           Summ/Tloc      0%         N/A       100%        7
 Summon Horrible Things   Summ           0%         N/A       100%        8


Dungeon Overview and Level Annotations

Branches:
Dungeon (5/15)
 Temple: D:4-7

Altars:
Qazlal
Vehumet

Shops:
D:1 ?


Message History

A gnoll comes into view. It is wielding a +0 whip.
A gnoll comes into view. It is wielding a +0 halberd.
You slash the ogre!
The ogre is almost dead.
The ogre hits you with a +0 giant club!
You hit the ogre.
You kill the ogre!
Beogh accepts your kill.
You feel your dexterity returning.
Your Axes skill increases to level 9!
An iguana comes into view.
The iguana hisses angrily.
An ogre comes into view. It is wielding a +0 giant spiked club.
The ogre shouts!
A gnoll shaman comes into view. It is wielding a +0 club.
You closely miss the gnoll. The gnoll hits you but does no damage.
The gnoll hits you with a +0 whip.
A gnoll comes into view. It is wielding a +0 whip.
The gnoll shouts!
You hit the gnoll.
The gnoll is heavily wounded.
The gnoll hits you but does no damage. x2
A gnoll comes into view. It is wielding a +0 spear.
You closely miss the gnoll.
The gnoll is heavily wounded.
The gnoll hits you from afar with a +0 halberd!
The gnoll closely misses you.
The gnoll hits you from afar with a +0 halberd.
You are too injured to fight recklessly!
You are too injured to fight recklessly!
You slash the gnoll!
You kill the gnoll!
Beogh accepts your kill.
You slash the gnoll!
You kill the gnoll!
Beogh accepts your kill.
You hit the ogre but do no damage.
The ogre hits you with a +0 giant spiked club!!
Ouch! That really hurt!
You die...

#.............
#..##.........
#..##....##...
#.............
##.....#......
#........#..
##.#....## ..
#####....#
....#...@.####
.......O####
.........l.#
.......##gOg.g.g..
#.....##.#........
###...#..##.####..
##..... ..# ##..##
..# #... ..#


You could see an ogre.

Vanquished Creatures
  An ogre (D:5)
  A bullfrog (D:4)
  An iguana (D:4)
  Natasha (thrice) (D:2)
  An orc wizard (D:4)
  2 gnolls (D:5)
  5 adders
  2 worms (D:2)
  6 orcs
  5 bats
  5 endoplasms
  5 giant cockroaches
  6 goblins
  6 hobgoblins
  7 jackals
  6 kobolds
  A quokka (D:2)
  6 ball pythons
  4 frilled lizards
  3 rats
76 creatures vanquished.

Vanquished Creatures (others)
  2 plants (D:1)
  5 withered plants (D:1)
7 creatures vanquished.

Grand Total: 83 creatures vanquished

Notes
Turn   | Place    | Note
-------+----------+-------------------------------------------
     0 | D:1      | RighteousDevil the Hill Orc Fighter began the quest for the
                  | Orb.
     0 | D:1      | Reached XP level 1. HP: 19/19 MP: 1/1
    35 | D:1      | Reached skill level 3 in Axes
   196 | D:1      | Reached XP level 2. HP: 24/26 MP: 2/2
   386 | D:1      | Reached skill level 4 in Axes
   525 | D:1      | Found a faded altar of an unknown god.
   671 | D:1      | Found Anuerag's Magic Scroll Boutique.
   828 | D:1      | Reached XP level 3. HP: 31/31 MP: 3/3
  1239 | D:2      | Found a radiant altar of Vehumet.
  1288 | D:2      | Reached skill level 5 in Axes
  1395 | D:2      | Noticed Natasha
  1401 | D:2      | Killed Natasha
  1402 | D:2      | Reached XP level 4. HP: 39/39 MP: 4/4
  1741 | D:2      | You fall into a shaft and drop 2 floors!
  1755 | D:4      | Reached skill level 6 in Axes
  2034 | D:3      | Reached XP level 5. HP: 35/45 MP: 5/5
  2258 | D:3      | Became a worshipper of Beogh the Brigand
  2446 | D:2      | Reached skill level 7 in Axes
  2455 | D:2      | Noticed Natasha
  2459 | D:2      | Killed Natasha
  2960 | D:2      | Noticed Natasha
  2965 | D:2      | Killed Natasha
  3534 | D:4      | Reached skill level 8 in Axes
  3534 | D:4      | Reached XP level 6. HP: 45/51 MP: 6/6
  3626 | D:4      | Found a stormy altar of Qazlal.
  4132 | D:5      | Entered Level 5 of the Dungeon
  4158 | D:5      | Reached skill level 9 in Axes
  4169 | D:5      | Slain by an ogre

Illustrated notes

Levels and vault maps discovered:
D:1:      matt_arrival_spirals, layout_basic,
          shapermc_ecumenical_altar_flowoftime, serial_shops,
          nicolae_shop_hallway_plus, minmay_strange_pillars,
          chequers_serial_rivers_micro_b
D:2:      layout_basic, basic_altar, uniq_natasha
D:3:      layout_basic, kennysheep_generic_room_15
D:4:      layout_basic, nicolae_qazlal_general_emergency
D:5:      layout_cave_pools, chequers_ossuary_entry_cave

Skill      XL: |  1  2  3  4  5  6 |
---------------+-------------------+-----
Axes           | 3 4 5 6 8 9 |  9.5
Fighting       | |  3.6
Armour         | |  3.2
Shields        | |  3.2

Action                   |  1- 3 |  4- 6 || total
-------------------------+-------+-------++-------
Melee: War axe           |    75 |   147 ||   222
Throw: Javelin           |     3 |       ||     3
Invok: Convert to Beogh  |       |     1 ||     1
  Use: Potion            |       |     3 ||     3
       Scroll            |       |     8 ||     8
Armor: Scale mail        |    36 |    15 ||    51
       Chain mail        |       |    85 ||    85
Dodge: Dodged            |    41 |    61 ||   102
Block: Buckler           |    17 |    19 ||    36
